Cogmind - Beta 14 @@@ ROGUE MODE // 2024.09.21 @ 19:46:54 Player: JohnnyDongs Result: Destroyed by H-66 Slayer with Heavy Assault Rifle Performance ------------- Evolutions (4) 2000 Regions Visited (11) 2200 Robots Destroyed (152) 760 Value Destroyed (4907) 4907 Prototype IDs (36) 720 Alien Tech Used (0) 0 Bonus (1481) 1481 TOTAL SCORE: 12068 Bonus ------- High Alert Combat Kills 101 Follower Combat Kills 906 Entered Garrisons 200 Aligned with FarCom 300 Friendly Fire -26 Cogmind --------- Core Integrity 0/850 Matter 290/300 Energy 274/310 System Corruption 2% Temperature Cool (0) Movement Treading (465) Ox4 Location -6/Extension Parts ------- > --- POWER (1) -------- Fission Core > --- PROPULSION (4) --- Advanced Treads Flexi-carbon Leg Flexi-carbon Leg Armored Leg > --- UTILITY (8) ------ Improved Heat Sink Advanced Heat Sink (fused) Huge Storage Unit Improved Core Shielding Improved Light Armor Plating Remote Shield > --- WEAPON (2) ------- Thermic Laser Thermic Laser > --- INVENTORY (25) --- Fission Core Fission Core Fission Core Medium Treads Compact Wheel Compact Wheel Large Matter Pod (150) Gravity Neutralizer Improved Signal Interpreter Advanced Signal Interpreter High-powered Tractor Beam Precision Assault Rifle Precision Assault Rifle Precision Assault Rifle Precision Assault Rifle Heavy Flak Cannon Heavy Flak Cannon Heavy Flak Cannon Heavy Flak Cannon Heavy Flak Cannon Heavy Rocket Launcher Power Sword Peak State ------------ > --- POWER ------------ Fission Core > --- PROPULSION ------- Flexi-carbon Leg Flexi-carbon Leg Flexi-carbon Leg Armored Leg > --- UTILITY ---------- Advanced Heat Sink Huge Storage Unit Reaction Control System Improved Core Shielding Improved Light Armor Plating Improved Heavy Armor Plating Remote Shield > --- WEAPON ----------- Thermic Laser Thermic Laser > --- INVENTORY -------- Fission Core Fission Core Fission Core Advanced Treads Medium Treads Compact Wheel Compact Wheel Compact Wheel Compact Wheel Large Matter Pod Gravity Neutralizer Improved Signal Interpreter Advanced Signal Interpreter High-powered Tractor Beam Precision Assault Rifle Precision Assault Rifle Precision Assault Rifle Precision Assault Rifle Heavy Flak Cannon Heavy Flak Cannon Heavy Flak Cannon Heavy Flak Cannon Heavy Flak Cannon Heavy Rocket Launcher Power Sword [Rating: 76] Favorites ----------- Power Constructs Engine Constructs Power Core Nuclear Core Propulsion Light Treads Treads Light Treads Leg Flexi-carbon Leg Wheel Compact Wheel Hover Unit Gravmag System Utility Huge Storage Unit Device Structural Scanner Storage Huge Storage Unit Processor Targeting Computer Hackware System Shield Protection Hardened Light Armor Plating Weapon Flak Cannon Energy Gun Thermic Laser Energy Cannon Constructs Ballistic Gun Precision Assault Rifle Ballistic Cannon Flak Cannon Launcher Grenade Launcher Impact Weapon Flail Slashing Weapon Power Sword Build | -11 -10 -10 -10 -9 -8 -8 -8 -6 -6 -6 -6 ------- Run | Yrd Mat Min Exi Min Mat Sto Rec Fac Gar Fac Ext Slots Evolved 8 | . . . . . 4 . . 4 . . . Power . | . . . . . . . . . . . . Propulsion 2 | . . . . . 1 . . 1 . . . Utility 6 | . . . . . 3 . . 3 . . . Weapon . | . . . . . . . . . . . . Parts Attached 144 | 8 5 . 1 4 28 24 7 11 21 25 10 Power 11 | 1 1 . . . 3 . . . 3 2 1 Engine 6 | 1 1 . . . . . . . 2 2 . Core 5 | . . . . . 3 . . . 1 . 1 Reactor . | . . . . . . . . . . . . Propulsion 31 | 2 . . . . 9 1 2 4 . 12 1 Treads 16 | 2 . . . . 5 1 2 4 . 1 1 Leg 7 | . . . . . 1 . . . . 6 . Wheel 7 | . . . . . 3 . . . . 4 . Hover 1 | . . . . . . . . . . 1 . Flight . | . . . . . . . . . . . . Utility 49 | 2 2 . . . 10 9 4 5 5 8 4 Device 23 | 1 . . . . 2 5 4 3 2 3 3 Storage 6 | 1 2 . . . 1 . . . 1 1 . Processor 6 | . . . . . 3 . . 1 . 2 . Hackware 1 | . . . . . . . . . 1 . . Protection 13 | . . . . . 4 4 . 1 1 2 1 Artifact . | . . . . . . . . . . . . Weapon 53 | 3 2 . 1 4 6 14 1 2 13 3 4 Energy Gun 6 | 2 . . . . . . . . 1 . 3 Energy Cannon 7 | . . . 1 2 1 1 . . 2 . . Ballistic Gun 4 | 1 . . . . . 1 . . . 2 . Ballistic Cannon 25 | . 2 . . 2 5 7 1 1 7 . . Launcher 5 | . . . . . . 2 . 1 1 . 1 Special Weapon . | . . . . . . . . . . . . Impact Weapon 5 | . . . . . . 3 . . 2 . . Slashing Weapon 1 | . . . . . . . . . . 1 . Piercing Weapon . | . . . . . . . . . . . . Special Melee Weapon . | . . . . . . . . . . . . Unidentified Prototypes 6 | . . . . . . 3 1 1 . 1 . Parts Lost 39 | . 1 . . 1 8 . . 1 22 3 3 Power 7 | . 1 . . 1 1 . . . 3 1 . Propulsion 11 | . . . . . 5 . . 1 4 . 1 Utility 13 | . . . . . 1 . . . 8 2 2 Weapon 8 | . . . . . 1 . . . 7 . . Highest Loss Streak 21 | . 1 . . 1 3 . . 1 21 2 1 To Critical Strikes . | . . . . . . . . . . . . Average Slot Usage (%) 88 | . 99 100 83 80 88 99 85 90 63 81 92 Engine 4 | . 13 14 14 9 . . 6 6 3 5 . Core 3 | . . . . . 6 9 2 . . . 5 Treads 20 | . 28 28 28 28 20 27 24 22 14 . . Leg 2 | . . . . . . . . 3 . 8 25 Wheel 1 | . . . . . 3 . . . . 9 . Device 15 | . 14 14 14 14 8 8 16 24 16 20 20 Storage 8 | . 14 14 14 14 9 9 9 6 5 5 6 Processor 7 | . . . . . 17 18 2 6 3 3 . Protection 7 | . . . . . 5 9 9 6 3 9 18 Energy Gun 2 | . 14 14 4 . . . 2 2 . . 10 Ballistic Gun 2 | . 4 . . . . . 3 . . 11 . Ballistic Cannon 9 | . 9 14 4 6 16 16 7 6 2 . . Peak Build Rating 76 | 7 8 8 26 26 31 41 44 59 62 75 76 Average Rating 36 | 5 7 8 11 16 22 29 39 55 45 54 74 On Entrance 24 | . 7 8 8 8 8 28 29 43 58 21 75 Naked Turns 11 | . . . . . . . . . 11 . . Heaviest Build 125 | 12 49 49 62 62 114 111 106 104 109 122 125 Greatest Support 88 | 40 40 40 40 40 66 66 66 84 84 88 88 Greatest Overweight (x) 36 | . 1 1 1 1 7 1 6 1 36 6 1 Average Overweight (x) 1 | . . 1 1 1 2 1 1 1 . 1 1 Largest Inventory Capacity 25 | 8 20 20 20 20 25 25 25 25 25 25 25 Average Capacity 23 | 7 19 20 20 20 21 25 25 25 20 24 25 Most Carried 25 | 6 15 15 19 18 25 25 25 22 19 25 25 Average Carried 20 | 3 11 15 17 17 19 24 22 20 13 16 24 Final Capacity 25 | 8 20 20 20 20 25 25 25 25 5 25 25 Final Carried 25 | 6 15 15 19 18 24 24 21 19 5 25 22 Scrap Engine Consumption 84 | . . . . . . . 61 20 3 . . Constructs Created 6 | . . . . . . . 6 . . . . Constructs Modified 24 | . . . . . . . 14 8 2 . . Class Distribution -------------------- 38% | Mutant 23% | Commander-Mutant 16% | Scavenger-Mutant 15% | Commander-Construct 3% | Skirmisher Dominant Class ---------------- Mutant | -10/Materials Mutant | -10/Mines Mutant | -10/Exiles Mutant | -9/Mines Mutant | -8/Materials Commander-Mutant | -8/Storage Commander-Construct | -8/Recycling Scavenger-Mutant | -6/Factory Scavenger-Mutant | -6/Garrison Scavenger-Mutant | -6/Factory Mutant | -6/Extension Resources | -11 -10 -10 -10 -9 -8 -8 -8 -6 -6 -6 -6 ----------- Run | Yrd Mat Min Exi Min Mat Sto Rec Fac Gar Fac Ext Matter Collected 4305 | 297 136 . . 140 1108 1072 167 385 125 654 221 Remotely . | . . . . . . . . . . . . Salvage Created 5223 | 115 161 . . 144 1109 900 229 746 279 758 782 Parts 246 | 6 20 . . 8 55 55 12 28 5 42 15 Haulers Intercepted 12 | . 1 . . . 4 4 . 1 . 1 1 Recyclers Shooed 11 | . 1 . . . 4 2 1 2 . 1 . Parts Field Recycled . | . . . . . . . . . . . . Retrieved Matter . | . . . . . . . . . . . . Parts Self-Destructed . | . . . . . . . . . . . . Prevented . | . . . . . . . . . . . . Kills | -11 -10 -10 -10 -9 -8 -8 -8 -6 -6 -6 -6 ------- Run | Yrd Mat Min Exi Min Mat Sto Rec Fac Gar Fac Ext Combat Hostiles Destroyed 102 | . 7 . . 5 26 22 1 14 10 9 8 Guns 19 | . 3 . . . . . . 4 . 9 3 Cannons 69 | . 4 . . 3 23 22 1 9 7 . . AOE 14 | . . . . 2 3 . . 1 3 . 5 Classes Destroyed 16 | 2 5 . . . 4 1 1 1 . 1 1 Worker 6 | . . . . . . 1 . 3 . 2 . Builder 9 | . 1 . . . 4 1 1 1 . 1 . Tunneler 3 | 3 . . . . . . . . . . . Hauler 12 | . 1 . . . 4 4 . 1 . 1 1 Recycler 15 | 1 . . . . 4 2 3 1 . 1 3 Mechanic 1 | . . . . . . . . . . 1 . Operator 1 | . . . . . 1 . . . . . . Watcher 3 | . 1 . . . 2 . . . . . . Swarmer 20 | . 6 . . . 2 3 . 1 . 4 4 Grunt 42 | . 1 . . 5 16 7 . 5 6 1 1 Brawler 1 | . . . . . . . . . . . 1 Duelist 7 | . . . . . 1 . . . 4 2 . Sentry 25 | . . . . . 5 11 . 6 . 1 2 Hunter 3 | . . . . . 2 1 . . . . . Programmer 3 | . . . . . . . . 2 . 1 . Scrapper 1 | . . . . . . . 1 . . . . Best Kill Streak 7 | 3 4 . . 3 5 5 2 7 7 5 5 Combat Bots Only 7 | . 3 . . 3 4 5 1 3 7 4 5 Max Kills in Single Turn 4 | 1 1 . . 1 4 2 1 3 1 2 3 Gunslinging . | . . . . . . . . . . . . Exploded 3 | . . . . 1 3 . . 1 1 . 3 Melee . | . . . . . . . . . . . . Uniques/NPCs Destroyed . | . . . . . . . . . . . . Combat | -11 -10 -10 -10 -9 -8 -8 -8 -6 -6 -6 -6 -------- Run | Yrd Mat Min Exi Min Mat Sto Rec Fac Gar Fac Ext Hostile Shots Fired 905 | . 40 . . 20 112 66 . 160 303 78 126 Missed 295 | . 11 . . 2 34 20 . 47 116 24 41 Damage Taken 8917 | . 265 . . 332 1158 676 89 1292 3198 778 1129 Core 1177 | . 40 . . 51 118 109 . 55 719 18 67 Absorbed by Shields 22 | . . . . . . . 3 . 10 . 9 Redirected to Shielding 29 | . . . . . . . . . . 5 24 Regen/Repaired (Parts) 421 | . . . . . . 143 73 153 52 . . Core Remaining (%) 73 | 100 . . . 63 . . 58 . . . . Volleys Fired 337 | 18 21 . . 14 83 55 4 45 30 38 29 Largest 2 | 2 2 . . 1 2 2 2 2 2 2 2 Hottest 170 | 90 85 . . 100 100 100 88 102 102 56 170 Shots Fired 606 | 36 42 . . 14 144 106 10 86 44 76 48 Gun 198 | 36 25 . . . . . . 16 . 76 45 Cannon 402 | . 17 . . 14 144 105 10 70 42 . . Launcher 6 | . . . . . . 1 . . 2 . 3 Special . | . . . . . . . . . . . . Kinetic 510 | 17 21 . . 11 143 104 10 80 41 76 7 Thermal 89 | 18 21 . . 3 1 1 . 6 1 . 38 Explosive 6 | . . . . . . 1 . . 2 . 3 Electromagnetic 1 | 1 . . . . . . . . . . . Robot Hit Streak 27 | 6 3 . . 7 12 25 4 19 14 27 15 Robot Miss Streak 10 | 3 9 . . 2 10 8 4 6 5 2 1 Penetration Max . | . . . . . . . . . . . . Secondary Targets 2 | . . . . . . . . . . 2 . Max Gunslinging Chain 1 | . . . . . . . . . . 1 . Shots Hit Robots 494 | 22 17 . . 9 125 92 9 76 41 63 40 Core Hits 506 | 7 14 . . 5 150 106 16 104 50 31 23 Critical Kills . | . . . . . . . . . . . . Critical Parts Destroyed 1 | . . . . . . . . . . 1 . Critical Strikes 6 | . . . . . . . . . . 1 5 Burn 5 | . . . . . . . . . . . 5 Destroy 1 | . . . . . . . . . . 1 . Melee Attacks 15 | . . . . . . 5 . . 1 4 5 Impact 6 | . . . . . . 5 . . 1 . . Slashing 9 | . . . . . . . . . . 4 5 Piercing . | . . . . . . . . . . . . Sneak Attacks 3 | . . . . . . . . . . . 3 Combat Hostiles . | . . . . . . . . . . . . Follow-up Attacks . | . . . . . . . . . . . . Damage Inflicted 12191 | 229 352 . . 550 2897 1752 225 1993 1441 1278 1474 Guns 2525 | 229 159 . . . . . . 217 . 1278 642 Cannons 7483 | . 180 . . 295 2681 1686 181 1504 956 . . Explosions 1649 | . . . . 255 192 . . 181 485 . 536 Melee 291 | . . . . . . . . . . . 291 Ramming 243 | . 13 . . . 24 66 44 91 . . 5 Kinetic 8938 | 101 194 . . 154 2586 1686 181 1651 956 1278 151 Thermal 1932 | 113 145 . . 396 287 . . 251 202 . 538 Explosive 772 | . . . . . . . . . 283 . 489 Electromagnetic 15 | 15 . . . . . . . . . . . Impact . | . . . . . . . . . . . . Slashing 291 | . . . . . . . . . . . 291 Piercing . | . . . . . . . . . . . . Highest Corruption 2 | . 1 1 1 1 . 1 1 2 2 2 2 Average Corruption 1 | . 1 1 1 1 . 1 1 2 2 2 2 Corruption Purged . | . . . . . . . . . . . . Corruption Blocked . | . . . . . . . . . . . . Effects 84 | . 4 . 3 2 . 21 22 2 6 15 9 Message Errors 20 | . 1 . 2 . . 4 4 . 2 5 2 Matter Fused 22 | . 2 . . . . 6 6 2 1 4 1 Heat Flow Errors 10 | . . . . . . 1 2 . 1 3 3 Energy Discharges 13 | . . . . . . 3 4 . 2 2 2 Parts Rejected 1 | . 1 . . . . . . . . . . Parts Fused 1 | . . . . . . . . . . 1 . Data Loss (minor) 5 | . . . . 1 . 2 2 . . . . Data Loss (major) 5 | . . . . 1 . 2 1 . . . 1 Misfires 3 | . . . . . . 1 2 . . . . Alerts 4 | . . . 1 . . 2 1 . . . . Overload Shots . | . . . . . . . . . . . . Overflow Damage 95 | . . . . 51 4 . . 4 5 . 31 Projectiles 59 | . . . . 51 . . . 3 5 . . Explosions 29 | . . . . . . . . . . . 29 Melee 7 | . . . . . 4 . . 1 . . 2 Knockbacks 147 | . 1 . . 5 57 33 6 17 28 . . Impact 2 | . . . . . 1 . . 1 . . . Kinetic 135 | . 1 . . 5 48 33 6 15 27 . . Secondary 10 | . . . . . 8 . . 1 1 . . Self-Inflicted Damage 173 | . . . . 64 8 . . 88 13 . . Shots 3 | . . . . 1 . . . 1 1 . . Rammed 27 | . 4 . . . 5 9 3 5 1 . . Targets Rammed 30 | . 4 . . . 5 11 3 5 1 . 1 Kicked 1 | . . . . . . . . . . . 1 Crushed 2 | . . . . . . 2 . . . . . Highest Temperature 249 | 162 132 . . 108 177 231 204 40 35 198 249 Average Temperature 57 | 69 55 . . 62 53 60 61 21 35 80 53 Received Heat Transfer 2437 | . 6 . . 117 432 261 12 360 930 120 199 Effects 2 | . . . . . . 2 . . . . . Energy Bleed 1 | . . . . . . 1 . . . . . Interference 1 | . . . . . . 1 . . . . . Siege Activations . | . . . . . . . . . . . . Robots Corrupted 1 | . . . . . 1 . . . . . . Combat Hostiles . | . . . . . . . . . . . . Parts Fried . | . . . . . . . . . . . . Impact Corruptions 2 | . . . . . 1 . . 1 . . . Robots Melted . | . . . . . . . . . . . . Combat Hostiles . | . . . . . . . . . . . . Parts Melted 8 | . 1 . . 1 . . . . . . 6 Heat Transferred 3865 | 333 407 . . 320 290 . . 375 240 . 1900 Parts Sabotaged . | . . . . . . . . . . . . Parts Stolen . | . . . . . . . . . . . . Parts Stripped . | . . . . . . . . . . . . Power Chain Reactions . | . . . . . . . . . . . . Alert | -11 -10 -10 -10 -9 -8 -8 -8 -6 -6 -6 -6 ------- Run | Yrd Mat Min Exi Min Mat Sto Rec Fac Gar Fac Ext Peak Influence 460 | 20 305 51 . 158 460 438 145 287 274 247 369 Initial 177 | . 13 51 . . 61 177 98 150 175 130 120 Average 150 | 5 102 51 . 112 291 263 28 155 193 114 193 Maximum Alert Level 2 | . 1 . . . 2 2 . 1 1 1 1 Low Security (%) 67 | 100 92 100 . 100 19 20 100 79 64 87 73 Level 1 29 | . 7 . . . 63 73 . 20 35 12 26 Level 2 3 | . . . . . 17 5 . . . . . Level 3 . | . . . . . . . . . . . . Level 4 . | . . . . . . . . . . . . Level 5 . | . . . . . . . . . . . . High Security . | . . . . . . . . . . . . Max Security . | . . . . . . . . . . . . Squads Dispatched 30 | . . . . . 6 4 . 7 . 8 5 Investigation 10 | . . . . . 1 2 . . . 3 4 Extermination 2 | . . . . . . . . 1 . 1 . Reinforcement 5 | . . . . . 2 1 . 1 . . 1 Assault 1 | . . . . . . . . . . 1 . Garrison 12 | . . . . . 3 1 . 5 . 3 . Intercept . | . . . . . . . . . . . . Searches Triggered . | . . . . . . . . . . . . Construction Impeded . | . . . . . . . . . . . . Haulers Reinforced . | . . . . . . . . . . . . Active Scanning Responses . | . . . . . . . . . . . . Cargo Convoy Interrupts . | . . . . . . . . . . . . Stealth | -11 -10 -10 -10 -9 -8 -8 -8 -6 -6 -6 -6 --------- Run | Yrd Mat Min Exi Min Mat Sto Rec Fac Gar Fac Ext Distress Signals 14 | . 1 . . . 2 5 1 1 . 1 3 Communications Jammed . | . . . . . . . . . . . . Distress Signals . | . . . . . . . . . . . . Times Spotted 174 | . 12 . . 6 36 34 14 22 18 14 18 Peak Tracking Total 7 | . 4 . . 3 5 4 4 5 7 3 7 Tactical Retreats 5 | . 1 . . . . 1 . . 2 . 1 Traps | -11 -10 -10 -10 -9 -8 -8 -8 -6 -6 -6 -6 ------- Run | Yrd Mat Min Exi Min Mat Sto Rec Fac Gar Fac Ext Traps Triggered 12 | . 2 . . . . . . . 7 1 2 Indirectly . | . . . . . . . . . . . . Trap Hack Attempts . | . . . . . . . . . . . . Triggered . | . . . . . . . . . . . . Disarmed . | . . . . . . . . . . . . Reprogrammed . | . . . . . . . . . . . . Reused . | . . . . . . . . . . . . Traps Extracted . | . . . . . . . . . . . . Installed . | . . . . . . . . . . . . Triggered . | . . . . . . . . . . . . Machines | -11 -10 -10 -10 -9 -8 -8 -8 -6 -6 -6 -6 ---------- Run | Yrd Mat Min Exi Min Mat Sto Rec Fac Gar Fac Ext Machines Disabled 16 | . 1 . . 1 3 3 . 4 . 1 3 Max in Single Turn 4 | . 1 . . 1 2 2 . 4 . 1 3 Garrison Access 4 | . . . . . 1 1 . 1 . 1 . Energy Cycler 3 | . . . . . . . . . . . 3 Machines Repaired . | . . . . . . . . . . . . Machines Dismantled . | . . . . . . . . . . . . Machines Sabotaged . | . . . . . . . . . . . . Overloaded Fab Kills . | . . . . . . . . . . . . Hacking | -11 -10 -10 -10 -9 -8 -8 -8 -6 -6 -6 -6 --------- Run | Yrd Mat Min Exi Min Mat Sto Rec Fac Gar Fac Ext Machines Accessed 53 | . 5 . 3 . 3 15 12 4 1 4 6 Terminals 31 | . 4 . . . 2 10 5 1 1 2 6 Fabricators 2 | . . . . . . . . 1 . 1 . Repair Stations 3 | . 1 . . . . 2 . . . . . Recycling Units 7 | . . . . . . 2 5 . . . . Scanalyzers . | . . . . . . . . . . . . Garrison Access 5 | . . . . . 1 1 . 2 . 1 . Total Hacks 147 | . 11 . 4 . 10 34 52 10 2 8 16 Successful 90 | . 8 . 4 . 4 18 42 5 1 2 6 Failed 57 | . 3 . . . 6 16 10 5 1 6 10 Catastrophic 14 | . . . . . 1 4 . 1 . 3 5 Database Lockouts . | . . . . . . . . . . . . Manual 38 | . 3 . 1 . 5 15 3 3 1 . 7 Terminals 85 | . 9 . . . 7 24 16 6 2 5 16 Fabricators 2 | . . . . . . . . 1 . 1 . Repair Stations 7 | . 2 . . . . 5 . . . . . Recycling Units 14 | . . . . . . 4 10 . . . . Scanalyzers . | . . . . . . . . . . . . Garrison Access 9 | . . . . . 3 1 . 3 . 2 . Terminal Hacks 70 | . 7 . 4 . 3 12 34 2 1 1 6 Record 28 | . . . 3 . . . 24 . . . 1 Robot Analysis 4 | . 2 . . . . 2 . . . . . Prototype ID Bank 1 | . . . . . . 1 . . . . . Open Door 5 | . . . . . . 2 . . . . 3 Branch Access Points 1 | . . . . . . . . . . 1 . Emergency Access Points 1 | . . . . . . . . . 1 . . Terminal Index 3 | . . . . . . . 1 1 . . 1 Alert Level 5 | . . . . . . 2 3 . . . . Unreport Threat 2 | . . . . . . 1 1 . . . . Locate Traps 7 | . 2 . . . 2 3 . . . . . Hauler Manifests 5 | . 2 . . . 1 1 . . . . 1 Zone Layout 5 | . 1 . . . . . 3 1 . . . Derelict Proto ID Bank 1 | . . . 1 . . . . . . . . Release Object 2 | . . . . . . . 2 . . . . Fabricator Hacks 2 | . . . . . . . . 1 . 1 . Network Status 2 | . . . . . . . . 1 . 1 . Repair Station Hacks 4 | . 1 . . . . 3 . . . . . Scan Component 3 | . 1 . . . . 2 . . . . . Repair 1 | . . . . . . 1 . . . . . Recycling Unit Hacks 8 | . . . . . . 1 7 . . . . Report Inventory 6 | . . . . . . 1 5 . . . . Retrieve Components 2 | . . . . . . . 2 . . . . Scanalyzer . | . . . . . . . . . . . . Garrison Access Hacks 4 | . . . . . 1 1 . 2 . . . Unlock Access 1 | . . . . . . . . 1 . . . Seal Access 3 | . . . . . 1 1 . 1 . . . Unauthorized Hacks 2 | . . . . . . 1 1 . . . . Terminals 1 | . . . . . . 1 . . . . . Assimilate 1 | . . . . . . 1 . . . . . Fabricators . | . . . . . . . . . . . . Repair Stations . | . . . . . . . . . . . . Recycling Units 1 | . . . . . . . 1 . . . . Tunnel 1 | . . . . . . . 1 . . . . Scanalyzers . | . . . . . . . . . . . . Garrison Access . | . . . . . . . . . . . . Data Cores Recovered 1 | . . . . . . 1 . . . . . Used . | . . . . . . . . . . . . Hacking Detections 37 | . 6 . . . 2 12 5 2 1 4 5 Full Trace Events 13 | . . . . . 1 3 2 . . 3 4 Feedback Events 1 | . . . . . . 1 . . . . . Corruption 1 | . . . . . . 1 . . . . . Feedback Blocked . | . . . . . . . . . . . . Robot Schematics Acquired . | . . . . . . . . . . . . Robots Built . | . . . . . . . . . . . . Authchips . | . . . . . . . . . . . . Time . | . . . . . . . . . . . . Total Robot Build Rating . | . . . . . . . . . . . . Part Schematics Acquired . | . . . . . . . . . . . . Parts Built . | . . . . . . . . . . . . Authchips . | . . . . . . . . . . . . Time . | . . . . . . . . . . . . Total Part Build Rating . | . . . . . . . . . . . . Parts Repaired 1 | . . . . . . 1 . . . . . Time 38 | . . . . . . 38 . . . . . Parts Recycled . | . . . . . . . . . . . . Recycled Matter . | . . . . . . . . . . . . Retrieved Matter . | . . . . . . . . . . . . Retrieved Components 10 | . . . . . . . 10 . . . . Parts Scanalyzed . | . . . . . . . . . . . . Part Schematics Acquired . | . . . . . . . . . . . . Parts Damaged . | . . . . . . . . . . . . Bothacking | -11 -10 -10 -10 -9 -8 -8 -8 -6 -6 -6 -6 ------------ Run | Yrd Mat Min Exi Min Mat Sto Rec Fac Gar Fac Ext Used RIF Installer . | . . . . . . . . . . . . Robots Hacked . | . . . . . . . . . . . . Non-combat . | . . . . . . . . . . . . Combat . | . . . . . . . . . . . . Robot Hacks Applied . | . . . . . . . . . . . . Relay Couplers Released . | . . . . . . . . . . . . Fabnet Peak Effective % . | . . . . . . . . . . . . Robots Rewired 21 | . . . . . . . 18 . . . 3 Allies Hacked 1 | . . . . . . . 1 . . . . Hacks Repelled . | . . . . . . . . . . . . Allies | -11 -10 -10 -10 -9 -8 -8 -8 -6 -6 -6 -6 -------- Run | Yrd Mat Min Exi Min Mat Sto Rec Fac Gar Fac Ext Total Allies 34 | . . . . 1 . 10 18 . . . 5 Largest Group 15 | . . . . 1 1 10 15 15 . . 4 Highest-Rated Group 201 | . . . . 31 31 173 201 173 . . 101 Highest-Rated Ally 31 | . . . . 31 31 29 29 27 . . 31 Total Orders 13 | . . . . . . 11 2 . . . . STAY 4 | . . . . . . 3 1 . . . . FOLLOW 4 | . . . . . . 3 1 . . . . EXPLORE 5 | . . . . . . 5 . . . . . Ally Attacks 177 | . . . . . 7 29 92 40 . . 9 Total Damage 2461 | . . . . . 127 460 1282 383 . . 209 Kills 33 | . . . . . . 7 19 4 . . 3 Allies Corrupted 2 | . . . . . . 1 . . . . 1 Allies Melted 1 | . . . . . 1 . . . . . . Intel | -11 -10 -10 -10 -9 -8 -8 -8 -6 -6 -6 -6 ------- Run | Yrd Mat Min Exi Min Mat Sto Rec Fac Gar Fac Ext Robot Analysis Total 4 | . 2 . . . . 2 . . . . . Derelict Logs Recovered . | . . . . . . . . . . . . Drone Launches 28 | . . . . . . 28 . . . . . Drone Recoveries 13 | . . . . . . 13 . . . . . Exploration | -11 -10 -10 -10 -9 -8 -8 -8 -6 -6 -6 -6 ------------- Run | Yrd Mat Min Exi Min Mat Sto Rec Fac Gar Fac Ext Turns Passed 12903 | 154 759 137 767 170 1459 2425 3432 1139 521 1153 787 Spaces Moved 5028 | 55 295 58 319 52 528 864 1318 390 265 573 311 Core 240 | 2 . . . . . . . . 169 69 . Treads 3757 | 53 295 58 319 52 312 864 1318 390 96 . . Legs 539 | . . . . . . . . . . 228 311 Wheels 480 | . . . . . 216 . . . . 264 . Hover 12 | . . . . . . . . . . 12 . Flight . | . . . . . . . . . . . . Fastest Speed 50 | 50 160 240 240 240 155 240 208 208 50 50 190 Average Speed 216 | 156 223 240 240 240 197 240 242 232 126 166 190 Slowest Speed 1850 | 160 240 240 240 240 320 240 480 240 1850 540 190 Overloaded Moves . | . . . . . . . . . . . . Propulsion Burnouts . | . . . . . . . . . . . . Robots Hopped 1 | . . . . . . . . 1 . . . Cave-ins Triggered . | . . . . . . . . . . . . Exploration Rate (%) 42 | 5 52 25 72 17 35 97 99 9 43 23 38 Regions Visited 11 Branch Regions 6 Pre-discovered Areas 2 | . . . . 1 . . 1 . . . . Known Exits Taken 3 | . . . . . 1 . . 1 . 1 . Unknown Exits Taken 7 | 1 1 1 1 1 . 1 1 . . . . Scrap Searched . | . . . . . . . . . . . . Spaces Dug 29 | . . . . . . 3 . . 1 3 22 Terrain Destroyed 173 | . . . . 44 13 25 . 28 9 3 51 Melee 7 | . . . . . . 3 . . 1 3 . Projectile 3 | . . . . 2 . . . . 1 . . AOE 163 | . . . . 42 13 22 . 28 7 . 51 Terrain Rammed . | . . . . . . . . . . . . Walls Destroyed . | . . . . . . . . . . . . Machines Disabled . | . . . . . . . . . . . . Actions | -11 -10 -10 -10 -9 -8 -8 -8 -6 -6 -6 -6 --------- Run | Yrd Mat Min Exi Min Mat Sto Rec Fac Gar Fac Ext Total 6420 | 87 350 57 322 80 800 1088 1549 531 404 697 455 Wait 439 | 1 12 . . 8 112 96 31 74 48 8 49 Move 5013 | 54 294 57 318 51 527 863 1317 387 262 572 311 Hop 1 | . . . . . . . . 1 . . . Pick Up 90 | 6 10 . . . 22 8 1 3 2 30 8 Fast Attach 57 | 7 2 . 1 . 11 6 1 3 4 18 4 Attach 55 | . 1 . . 4 14 8 3 6 14 4 1 Detach 32 | . 1 . 3 3 7 4 4 . 6 4 . Swap 32 | 1 2 . . . 3 10 3 2 3 3 5 Drop 86 | . 3 . . . 16 14 12 5 7 16 13 Fire 337 | 18 21 . . 14 83 55 4 45 30 38 29 Melee 15 | . . . . . . 5 . . 1 4 5 Ram 4 | . . . . . 3 . . . 1 . . Kick 1 | . . . . . . . . . . . 1 Crush 25 | . 4 . . . 2 11 3 5 . . . Escape Stasis 36 | . . . . . . . . . 26 . 10 Rewire 190 | . . . . . . 1 170 . . . 19 Trap . | . . . . . . . . . . . . Miscellaneous 7 | . . . . . . 7 . . . . . Route ------- -11/Scrapyard -10/Materials (discovered 2 exits: [*Mat] / [*Min]) -10/Mines -10/Exiles -9/Mines -8/Materials -8/Storage (discovered 2 exits: [*Fac] / *Rec) -8/Recycling -6/Factory -6/Garrison (discovered 2 exits: *Fac x2) -6/Factory (discovered 5 exits: [*Fac] / Low x2 / *Ext x2) -6/Extension History --------- Turn | Location | Event 51 | -11/Scrapyard | Discovered new exit (range 16) 155 | -11/Scrapyard | Entered Materials 317 | -10/Materials | Build established: Mutant 461 | -10/Materials | Discovered new exit (range 6) 677 | -10/Materials | Discovered new exit (range 12) 914 | -10/Materials | Entered Mines 1042 | -10/Mines | Deemed a non-threat by the Exiles lab entrance 1042 | -10/Mines | Discovered new exit (range 5) 1051 | -10/Mines | Entered Exiles 1109 | -10/Exiles | Met 8R-AWN 1150 | -10/Exiles | Met EX-HEX 1222 | -10/Exiles | Met EX-BIN 1251 | -10/Exiles | Aligned with FarCom system 1253 | -10/Exiles | Given EX-Vault access code 1308 | -10/Exiles | Opened EX-Vault 1321 | -10/Exiles | Found YOLO Cannon 1438 | -10/Exiles | Warned to stay clear of 0b10 Research branches 1506 | -10/Exiles | Met EX-DEC 1794 | -10/Exiles | Discovered new exit (range 11) 1818 | -10/Exiles | Left Exiles lab with YOLO Cannon 1818 | -10/Exiles | Entered Mines 1838 | -9/Mines | Met a Derelict bent on vengeance 1933 | -9/Mines | Discovered new exit (range 15) 1952 | -9/Mines | Escorted by a lone wolf Derelict 1972 | -9/Mines | Learned location of Storage (-8) 1988 | -9/Mines | Entered Materials 1988 | -8/Materials | Accompanied by 1 ally 1988 | -8/Materials | Evolved 4 slots: Propulsion x1, Utility x3 2249 | -8/Materials | Discovered new exit (range 16) 2318 | -8/Materials | Garrison activated, responded to threat 2456 | -8/Materials | Lost 3 parts (1p1n1u) 2992 | -8/Materials | Identified exit to Storage 3447 | -8/Materials | Entered Storage 3509 | -8/Storage | Repaired Flak Cannon 4253 | -8/Storage | Assisted by bots powering up and referring to "LRC-V3" 4323 | -8/Storage | Garrison activated, responded to threat 4558 | -8/Storage | Build established: Commander-Mutant 5225 | -8/Storage | Discovered new exit (range 5) 5830 | -8/Storage | Discovered new exit (range 16) 5872 | -8/Storage | Entered Recycling 5872 | -8/Recycling | Accompanied by 9 allies 5996 | -8/Recycling | Scanned before Scraplab entrance 6240 | -8/Recycling | Angered Scraplab inhabitants 6349 | -8/Recycling | Found Prototype Device 6349 | -8/Recycling | Identified Scrap Engine 7352 | -8/Recycling | P-60 Hacker assimilated allied Trooper 3d 7388 | -8/Recycling | Lost 9 allies 7576 | -8/Recycling | Build established: Commander-Construct 7695 | -8/Recycling | Discovered new exit (range 15) 9304 | -8/Recycling | Entered Factory 9304 | -6/Factory | Accompanied by 15 allies 9304 | -6/Factory | Evolved 4 slots: Propulsion x1, Utility x3 9335 | -6/Factory | Garrison activated, responded to threat 9439 | -6/Factory | Lost 15 allies 9673 | -6/Factory | Build established: Scavenger-Mutant 9985 | -6/Factory | Found Prototype Launcher 9985 | -6/Factory | Identified Rocket Array 10244 | -6/Factory | Garrison activated, responded to threat 10440 | -6/Factory | Identified exit to Garrison 10443 | -6/Factory | Entered Garrison 10499 | -6/Garrison | Triggered checkpoint 10719 | -6/Garrison | Triggered checkpoint 10807 | -6/Garrison | Destroyed 7 combat bots 10833 | -6/Garrison | Triggered checkpoint 10860 | -6/Garrison | Core integrity fell below 50% 10863 | -6/Garrison | Triggered checkpoint 10894 | -6/Garrison | Discovered new exit (range 15) 10895 | -6/Garrison | Lost 21 parts (3p4n7u7w) 10901 | -6/Garrison | Attempted to access garrison exit controls, blocked by remote lockdown 10911 | -6/Garrison | Triggered checkpoint 10912 | -6/Garrison | Core integrity fell below 20% 10960 | -6/Garrison | Discovered new exit (range 10) 10964 | -6/Garrison | Entered Factory 11674 | -6/Factory | Garrison activated, responded to threat 11843 | -6/Factory | Identified exit to Lower Caves 11843 | -6/Factory | Identified exit to Extension 11858 | -6/Factory | Build established: Skirmisher 12006 | -6/Factory | Discovered new exit (range 17) 12117 | -6/Factory | Entered Extension 12217 | -6/Extension | Disrupted transfer network 12444 | -6/Extension | Energy Cycler disabled 12444 | -6/Extension | Rescued a captive Derelict 12444 | -6/Extension | Rescued a captive Derelict 12444 | -6/Extension | Rescued a captive Derelict 12444 | -6/Extension | Rescued a captive Derelict 12446 | -6/Extension | Rescued a captive Derelict 12447 | -6/Extension | Rescued a captive Derelict 12447 | -6/Extension | Rescued a captive Derelict 12480 | -6/Extension | Build established: Mutant 12832 | -6/Extension | Spotted B-75 Beast 12837 | -6/Extension | Lost 4 allies 12904 | -6/Extension | Destroyed by H-66 Slayer with Heavy Assault Rifle Last Messages --------------- 12858_ Critical hit (Burn: +37). 12863_ Imp. Heavy Armor Plating destroyed. 12878_ Slug penetrates Wall. 12882_ G-50 Soldier suffers critical hit (Burn). 12885_ G-50 Soldier heat spikes uncontrollably. 12885_ Slug penetrates Wall. 12885_ Hvy. Laser melted. 12885_ G-50 Soldier destroyed. 12888_ Slug penetrates Wall. 12889_ Wall collapses. 12891_ Penetrated by Slug. 12897_ B-75 Beast suffers critical hit (Burn). 12898_ Penetrated by Slug. 12898_ Flexi-carbon Leg destroyed. 12901_ B-75 Beast suffers critical hit (Burn). 12901_ Melted Imp. Medium Treads. 12901_ Penetrated by Slug. 12904_ Melted Unknown Protection. 12904_ Penetrated by Slug. [Achievement: This Is Interesting...] Map ----- +----------------------------------------------------+ | | | | | | | | | | | | | | | | | | | | | | | | | | | | | #######??????????????????????????????????????????? | | #???#######????????????????????????????????? | | ##### #????????????????????????????????? | | ########?????????????????????????? | | #?????????????????????????? | | ###### #?????????????????????????? | | ##### #????# #?????????????????????????? | | #???#######????# #?????????????????????????? | | ## ####??????????????# #?????????????????????????? | | # T#??????????????## ##????????????????????????? | | ## ##??????????##### #####????????????????????? | | ?# #???????????# T% @*%#????????????????????? | | ?####???????????###T# ;;;=#????????????????????? | | ??????????????????######; ;h#????????????????????? | | ???????????????????????## ;%*#???????????????????? | | ????????????????????????##;%##???????????????????? | | ??????????????????????????;BB????????????????????? | | ??????????????????????????#BB#???????????????????? | | ??????????????????????????#%;#???????????????????? | | ??????????????????????????#%;#???????????????????? | | ??????????????????????????#[;#???????????????????? | | ??????????????????????????# ;#???????????????????? | | ??????????????????????????#%;#???????????????????? | | ??????????????????????????# ;#???????????????????? | | ??????????????????????????#%;#???????????????????? | | ??????????????????????????# "#???????????????????? | | ??????????????????????????#w"????????????????????? | | ??????????????????????????#="????????????????????? | | ??????????????????????????#]"????????????????????? | | ??????????????????????????#!"????????????????????? | | ??????????????????????????"%" ???????????????????? | | ??????????????????????????"!""???????????????????? | | ??????????????????????????%!!%!??????????????????? | | ?????????????????????????%*===/??????????????????? | | ?????????????????????????=%*%![ ?????????????????? | | ????????????????????????# %==** ?????????????????? | +----------------------------------------------------+ Best States ------------- Heat Dissipation 70 Energy Generation 18 Energy Capacity 310 Matter Stores 373 Matter Capacity 500 Sight Range 22 Terrain Scan Density 10 Additional Mass Support 12 Base Temperature (-) 150 Armor Coverage 750 Core Shielding 30 Evasion (%) 53 Targeting Accuracy 10 Recoil Reduction 4 Defensive Hacking 10 Item Schematics ----------------- None Robot Schematics ------------------ None Fabricated ------------ Nothing Alien Tech Used ----------------- None Achievements -------------- This Is Interesting... \\IAMDERELICT Challenges ------------ None Game ------ Seed NeutrinoCatalystJammer Manual? 0 Play Time 02:40:30 Cumulative 69.3 hours Start 2024.09.08 @ 23:39:03 End 2024.09.21 @ 19:46:54 Sessions 6 Manual Loads 0 Difficulty Rogue Special Mode None Game No. 45 Rogue 45 Adventurer 0 Explorer 0 Win Type - Total 0 Types 0/0/0/0/0/0/0/0/0 Lore% 25 Gallery% 46 Achievement% 40 Wizard Run 0 Options --------- Layout 1 ASCII 0 Keyboard 0 Movement Numpad Keybinds 0 Fullscreen 1 Font 24/Smallcaps Map View 50x35 Zoom Use 0% Tactical HUD 1 Map Filters NONE Filters NONE Steam 1 RUN: 5092e3ba-04a2-4fb3-a639-9f3075b9b93a